Cogmind - Beta 14 @@@ ROGUE MODE // 2024.08.07 @ 18:26:16 Player: Sionnis Result: Destroyed by D-53 Grenadier with Mini Grenade Launcher Performance ------------- Evolutions (0) 0 Regions Visited (3) 600 Robots Destroyed (42) 210 Value Destroyed (1164) 1164 Prototype IDs (15) 300 Alien Tech Used (0) 0 Bonus (0) 0 TOTAL SCORE: 2274 Bonus ------- None Cogmind --------- Core Integrity 0/250 Matter 158/300 Energy 100/100 System Corruption 0% Temperature Cool (0) Movement Core (50) Location -7/Recycling Parts ------- > --- POWER (1) -------- (None) > --- PROPULSION (2) --- (None) > --- UTILITY (2) ------ (None) > --- WEAPON (2) ------- (None) > --- INVENTORY (5) ---- Flight Unit Xenon Bombardment Thruster Subdweller Optics Scrap Shield Peak State ------------ > --- POWER ------------ Light Ion Engine Subdweller Power Source > --- PROPULSION ------- Light Treads Light Treads Light Treads Flight Unit > --- UTILITY ---------- Large Storage Unit Makeshift Light Armor Plating Tower Shield > --- WEAPON ----------- Subdweller Beam Cannon Subdweller Beam Cannon Subdweller Machine Gun Light Cannon > --- INVENTORY -------- Flight Unit Flight Unit Flight Unit Medium Storage Unit Subdweller Optics Sensor Array Scrap Shield Authchip [Device] Datajack [Rating: 40] Favorites ----------- Power Subdweller Power Source Engine Subdweller Power Source Propulsion Light Treads Treads Light Treads Flight Unit Flight Unit Utility Large Storage Unit Storage Large Storage Unit Processor Targeting Computer Protection Makeshift Light Armor Plating Weapon Light Cannon Energy Gun EM Pulse Gun Energy Cannon Subdweller Beam Cannon Ballistic Gun Subdweller Machine Gun Ballistic Cannon Light Cannon Build | -11 -10 -10 -7 ------- Run | Yrd Mat Sub Rec Slots Evolved . | . . . . Power . | . . . . Propulsion . | . . . . Utility . | . . . . Weapon . | . . . . Parts Attached 36 | 6 13 17 . Power 7 | 1 1 5 . Engine 7 | 1 1 5 . Core . | . . . . Reactor . | . . . . Propulsion 5 | 2 1 2 . Treads 4 | 2 1 1 . Leg . | . . . . Wheel . | . . . . Hover . | . . . . Flight 1 | . . 1 . Utility 9 | 1 4 4 . Device . | . . . . Storage 4 | 1 2 1 . Processor 1 | . 1 . . Hackware . | . . . . Protection 4 | . 1 3 . Artifact . | . . . . Weapon 15 | 2 7 6 . Energy Gun 3 | 2 1 . . Energy Cannon 2 | . . 2 . Ballistic Gun 6 | . 4 2 . Ballistic Cannon 4 | . 2 2 . Launcher . | . . . . Special Weapon . | . . . . Impact Weapon . | . . . . Slashing Weapon . | . . . . Piercing Weapon . | . . . . Special Melee Weapon . | . . . . Unidentified Prototypes . | . . . . Parts Lost 8 | . 1 2 5 Power 1 | . . 1 . Propulsion 3 | . . . 3 Utility 2 | . 1 . 1 Weapon 2 | . . 1 1 Highest Loss Streak 5 | . 1 2 5 To Critical Strikes . | . . . . Average Slot Usage (%) 93 | . 99 92 74 Engine 13 | . 14 13 6 Treads 25 | . 28 24 22 Flight 2 | . . 3 6 Storage 11 | . 14 10 6 Processor 4 | . 9 2 . Protection 9 | . 4 11 14 Energy Cannon 6 | . . 11 . Ballistic Gun 4 | . 4 4 7 Ballistic Cannon 13 | . 20 9 6 Peak Build Rating 40 | 6 8 40 36 Average Rating 19 | 4 7 25 34 On Entrance 12 | . 6 8 35 Naked Turns . | . . . . Heaviest Build 93 | 14 34 93 70 Greatest Support 60 | 40 40 60 60 Greatest Overweight (x) 1 | . . 1 1 Average Overweight (x) . | . . . 1 Largest Inventory Capacity 15 | 8 15 15 15 Average Capacity 14 | 7 14 14 14 Most Carried 15 | 2 15 15 15 Average Carried 11 | 1 10 12 12 Final Capacity 15 | 8 15 15 5 Final Carried 13 | 2 13 12 5 Class Distribution -------------------- 69% | Mutant 22% | Scavenger-Tank 7% | Scavenger-Mutant Dominant Class ---------------- Mutant | -10/Materials Mutant | -10/Subcaves Mutant | -7/Recycling Resources | -11 -10 -10 -7 ----------- Run | Yrd Mat Sub Rec Matter Collected 1085 | 258 492 335 . Remotely . | . . . . Salvage Created 1146 | . 614 398 134 Parts 81 | . 47 31 3 Haulers Intercepted 1 | . 1 . . Recyclers Shooed . | . . . . Parts Field Recycled . | . . . . Retrieved Matter . | . . . . Parts Self-Destructed 21 | . . 21 . Prevented . | . . . . Kills | -11 -10 -10 -7 ------- Run | Yrd Mat Sub Rec Combat Hostiles Destroyed 36 | . 20 13 3 Guns 14 | . 10 2 2 Cannons 21 | . 9 11 1 AOE 1 | . 1 . . Classes Destroyed 9 | . 6 1 2 Hauler 1 | . 1 . . Mechanic 1 | . 1 . . Operator 2 | . 2 . . Watcher 2 | . 2 . . Swarmer 12 | . 9 3 . Grunt 12 | . 11 . 1 Demolisher 1 | . . . 1 Hunter 1 | . . . 1 Subdweller 10 | . . 10 . Best Kill Streak 5 | . 5 3 3 Combat Bots Only 5 | . 5 3 3 Max Kills in Single Turn 2 | . 1 2 1 Gunslinging . | . . . . Exploded 1 | . 1 . . Melee . | . . . . Uniques/NPCs Destroyed . | . . . . Combat | -11 -10 -10 -7 -------- Run | Yrd Mat Sub Rec Hostile Shots Fired 145 | . 83 36 26 Missed 26 | . 18 5 3 Damage Taken 1864 | . 649 670 545 Core 251 | . 92 46 113 Absorbed by Shields . | . . . . Core Remaining (%) 100 | 100 . . . Volleys Fired 197 | . 79 103 15 Largest 4 | . 2 4 2 Hottest 225 | . 80 225 60 Shots Fired 322 | . 158 139 25 Gun 114 | . 85 14 15 Cannon 208 | . 73 125 10 Launcher . | . . . . Special . | . . . . Kinetic 242 | . 146 71 25 Thermal 68 | . . 68 . Explosive . | . . . . Electromagnetic 12 | . 12 . . Robot Hit Streak 12 | . 8 12 5 Robot Miss Streak 7 | . 7 2 2 Penetration Max . | . . . . Secondary Targets 1 | . 1 . . Max Gunslinging Chain 1 | . 1 . . Shots Hit Robots 153 | . 88 51 14 Core Hits 59 | . 34 19 6 Critical Kills 1 | . . 1 . Critical Parts Destroyed 1 | . 1 . . Critical Strikes 5 | . 2 3 . Destroy 3 | . 1 2 . Blast 2 | . 1 1 . Melee Attacks . | . . . . Impact . | . . . . Slashing . | . . . . Piercing . | . . . . Sneak Attacks . | . . . . Combat Hostiles . | . . . . Follow-up Attacks . | . . . . Damage Inflicted 2558 | . 1202 1063 293 Guns 737 | . 371 169 197 Cannons 1741 | . 751 894 96 Explosions 80 | . 80 . . Melee . | . . . . Ramming . | . . . . Kinetic 1926 | . 1067 566 293 Thermal 577 | . 80 497 . Explosive . | . . . . Electromagnetic 55 | . 55 . . Impact . | . . . . Slashing . | . . . . Piercing . | . . . . Highest Corruption . | . . . . Average Corruption . | . . . . Corruption Purged . | . . . . Corruption Blocked . | . . . . Overload Shots . | . . . . Overflow Damage 12 | . 12 . . Projectiles 12 | . 12 . . Explosions . | . . . . Melee . | . . . . Knockbacks 20 | . 13 5 2 Impact . | . . . . Kinetic 20 | . 13 5 2 Secondary . | . . . . Self-Inflicted Damage . | . . . . Shots . | . . . . Rammed . | . . . . Targets Rammed . | . . . . Kicked . | . . . . Crushed . | . . . . Highest Temperature 162 | . 162 121 120 Average Temperature 30 | . 28 28 47 Received Heat Transfer 357 | . 213 144 . Siege Activations . | . . . . Robots Corrupted . | . . . . Combat Hostiles . | . . . . Parts Fried . | . . . . Impact Corruptions . | . . . . Robots Melted . | . . . . Combat Hostiles . | . . . . Parts Melted . | . . . . Heat Transferred 766 | . 100 666 . Parts Sabotaged . | . . . . Parts Stolen . | . . . . Parts Stripped . | . . . . Power Chain Reactions 1 | . 1 . . Alert | -11 -10 -10 -7 ------- Run | Yrd Mat Sub Rec Peak Influence 275 | . 275 . 55 Initial . | . . . . Average 115 | . 138 . 6 Maximum Alert Level 1 | . 1 . . Low Security (%) 84 | 100 81 . 100 Level 1 15 | . 18 . . Level 2 . | . . . . Level 3 . | . . . . Level 4 . | . . . . Level 5 . | . . . . High Security . | . . . . Max Security . | . . . . Squads Dispatched 3 | . 3 . . Investigation 1 | . 1 . . Extermination . | . . . . Reinforcement 2 | . 2 . . Assault . | . . . . Garrison . | . . . . Intercept . | . . . . Searches Triggered . | . . . . Construction Impeded . | . . . . Haulers Reinforced . | . . . . Active Scanning Responses . | . . . . Cargo Convoy Interrupts . | . . . . Stealth | -11 -10 -10 -7 --------- Run | Yrd Mat Sub Rec Distress Signals 2 | . 2 . . Communications Jammed . | . . . . Distress Signals . | . . . . Times Spotted 61 | . 40 17 4 Peak Tracking Total 6 | . 5 6 3 Tactical Retreats 5 | . 3 1 1 Traps | -11 -10 -10 -7 ------- Run | Yrd Mat Sub Rec Traps Triggered 2 | . 2 . . Indirectly . | . . . . Trap Hack Attempts . | . . . . Triggered . | . . . . Disarmed . | . . . . Reprogrammed . | . . . . Reused . | . . . . Traps Extracted . | . . . . Installed . | . . . . Triggered . | . . . . Machines | -11 -10 -10 -7 ---------- Run | Yrd Mat Sub Rec Machines Disabled 2 | . 1 1 . Max in Single Turn 1 | . 1 1 . Machines Repaired . | . . . . Machines Dismantled . | . . . . Machines Sabotaged . | . . . . Overloaded Fab Kills . | . . . . Hacking | -11 -10 -10 -7 --------- Run | Yrd Mat Sub Rec Machines Accessed 16 | . 8 3 5 Terminals 11 | . 6 . 5 Fabricators . | . . . . Repair Stations . | . . . . Recycling Units 2 | . 2 . . Scanalyzers . | . . . . Garrison Access . | . . . . Total Hacks 47 | . 31 4 12 Successful 26 | . 15 4 7 Failed 21 | . 16 . 5 Catastrophic 1 | . . . 1 Database Lockouts . | . . . . Manual 31 | . 21 . 10 Terminals 37 | . 25 . 12 Fabricators . | . . . . Repair Stations . | . . . . Recycling Units 6 | . 6 . . Scanalyzers . | . . . . Garrison Access . | . . . . Terminal Hacks 10 | . 4 4 2 Record 1 | . . 1 . Robot Analysis 1 | . 1 . . Prototype ID Bank 2 | . 1 . 1 Open Door 1 | . . 1 . Terminal Index 1 | . 1 . . Unreport Threat 1 | . . . 1 Hauler Manifests 1 | . 1 . . Derelict Proto ID Bank 1 | . . 1 . Release Object 1 | . . 1 . Fabricator Hacks . | . . . . Repair Station Hacks . | . . . . Recycling Unit Hacks 2 | . 2 . . Retrieve Components 2 | . 2 . . Scanalyzer . | . . . . Garrison Access Hacks . | . . . . Unauthorized Hacks 14 | . 9 . 5 Terminals 13 | . 8 . 5 Botnet 4 | . 2 . 2 Operators 1 | . 1 . . Skim 8 | . 5 . 3 Fabricators . | . . . . Repair Stations . | . . . . Recycling Units 1 | . 1 . . Reject 1 | . 1 . . Scanalyzers . | . . . . Garrison Access . | . . . . Data Cores Recovered 1 | . 1 . . Used . | . . . . Hacking Detections 11 | . 7 . 4 Full Trace Events . | . . . . Feedback Events . | . . . . Feedback Blocked . | . . . . Robot Schematics Acquired . | . . . . Robots Built . | . . . . Authchips . | . . . . Time . | . . . . Total Robot Build Rating . | . . . . Part Schematics Acquired . | . . . . Parts Built . | . . . . Authchips . | . . . . Time . | . . . . Total Part Build Rating . | . . . . Parts Repaired . | . . . . Time . | . . . . Parts Recycled . | . . . . Recycled Matter . | . . . . Retrieved Matter . | . . . . Retrieved Components 11 | . 11 . . Parts Scanalyzed . | . . . . Part Schematics Acquired . | . . . . Parts Damaged . | . . . . Bothacking | -11 -10 -10 -7 ------------ Run | Yrd Mat Sub Rec Used RIF Installer . | . . . . Robots Hacked . | . . . . Non-combat . | . . . . Combat . | . . . . Robot Hacks Applied . | . . . . Relay Couplers Released . | . . . . Fabnet Peak Effective % . | . . . . Robots Rewired . | . . . . Allies Hacked . | . . . . Hacks Repelled . | . . . . Allies | -11 -10 -10 -7 -------- Run | Yrd Mat Sub Rec Total Allies . | . . . . Largest Group . | . . . . Highest-Rated Group . | . . . . Highest-Rated Ally . | . . . . Total Orders . | . . . . Ally Attacks . | . . . . Total Damage . | . . . . Kills . | . . . . Allies Corrupted . | . . . . Allies Melted . | . . . . Intel | -11 -10 -10 -7 ------- Run | Yrd Mat Sub Rec Robot Analysis Total 1 | . 1 . . Derelict Logs Recovered 2 | . . 2 . Drone Launches . | . . . . Drone Recoveries . | . . . . Exploration | -11 -10 -10 -7 ------------- Run | Yrd Mat Sub Rec Turns Passed 6352 | 69 2209 3680 394 Spaces Moved 2802 | 39 940 1676 147 Core 3 | 3 . . . Treads 2799 | 36 940 1676 147 Legs . | . . . . Wheels . | . . . . Hover . | . . . . Flight . | . . . . Fastest Speed 50 | 50 160 160 240 Average Speed 188 | 151 160 200 240 Slowest Speed 240 | 160 160 240 240 Overloaded Moves . | . . . . Propulsion Burnouts . | . . . . Robots Hopped . | . . . . Cave-ins Triggered . | . . . . Exploration Rate (%) 57 | 4 96 86 44 Regions Visited 3 Branch Regions 2 Pre-discovered Areas 3 | . 3 . . Known Exits Taken 1 | . . 1 . Unknown Exits Taken 2 | 1 1 . . Scrap Searched 1 | . . 1 . Spaces Dug 3 | . . 3 . Terrain Destroyed 7 | . . 7 . Melee . | . . . . Projectile 7 | . . 7 . AOE . | . . . . Terrain Rammed . | . . . . Walls Destroyed . | . . . . Machines Disabled . | . . . . Actions | -11 -10 -10 -7 --------- Run | Yrd Mat Sub Rec Total 3578 | 46 1503 1864 165 Wait 479 | . 441 38 . Move 2799 | 38 939 1675 147 Hop . | . . . . Pick Up 35 | 2 15 15 3 Fast Attach 22 | 6 7 9 . Attach 6 | . . 6 . Detach 1 | . 1 . . Swap 8 | . 6 2 . Drop 31 | . 15 16 . Fire 197 | . 79 103 15 Melee . | . . . . Ram . | . . . . Kick . | . . . . Crush . | . . . . Escape Stasis . | . . . . Rewire . | . . . . Trap . | . . . . Miscellaneous . | . . . . Route ------- -11/Scrapyard -10/Materials (discovered 6 exits: [*Mat x3] / *Min x2 / *Sub) -10/Subcaves (discovered 3 exits: *Mat x2 / *Rec) -7/Recycling (discovered 1 exit: Fac) History --------- Turn | Location | Event 10 | -11/Scrapyard | Discovered new exit (range 15) 70 | -11/Scrapyard | Entered Materials 318 | -10/Materials | Build established: Mutant 335 | -10/Materials | Discovered new exit (range 15) 599 | -10/Materials | Discovered new exit (range 7) 1193 | -10/Materials | Discovered new exit (range 14) 1321 | -10/Materials | Discovered new exit (range 5) 1453 | -10/Materials | Discovered new exit (range 9) 1618 | -10/Materials | Identified exit to Mines 1633 | -10/Materials | Discovered new exit (range 4) 1723 | -10/Materials | Learned Storage terminal intel 1787 | -10/Materials | Learned location of Storage (-7) 1804 | -10/Materials | Learned location of 1 exit from Recycling 1831 | -10/Materials | Loaded intel: 2 recycling unit locations 1918 | -10/Materials | Learned Storage trap positions 2279 | -10/Materials | Entered Subcaves 2280 | -10/Subcaves | Identified exit to Recycling 2879 | -10/Subcaves | Shifting Twisted Machinery released Mak. Light Armor Plating 3074 | -10/Subcaves | Shifting Twisted Machinery released Flamer 3753 | -10/Subcaves | Discovered new exit (range 7) 3936 | -10/Subcaves | Build established: Scavenger-Mutant 3958 | -10/Subcaves | Visited 4L-MR0's lab 4033 | -10/Subcaves | Found Tower Shield 4034 | -10/Subcaves | Attached Tower Shield, gained temporary slots: Power, Propulsion x2, Utility x2, Weapon x2 4210 | -10/Subcaves | Identified exit to Materials 4220 | -10/Subcaves | Core integrity fell below 50% 4431 | -10/Subcaves | Build established: Scavenger-Tank 4556 | -10/Subcaves | Shifting Twisted Machinery released Sub. Power Source 4567 | -10/Subcaves | Shifting Twisted Machinery released Battle Rifle 4572 | -10/Subcaves | Learned Materials terminal intel 4809 | -10/Subcaves | Shifting Twisted Machinery released Flamer 4990 | -10/Subcaves | Shifting Twisted Machinery released Mak. System Shield 5883 | -10/Subcaves | Build established: Mutant 5959 | -10/Subcaves | Entered Recycling 5960 | -7/Recycling | Identified exit to Factory 6352 | -7/Recycling | Core integrity fell below 20% 6353 | -7/Recycling | Destroyed by D-53 Grenadier with Mini Grenade Launcher Last Messages --------------- R-06 Scavenger destroyed. I-36 Angel destroyed. G-47 Trooper destroyed. Temporary Propulsion slot lost. G-47 Trooper destroyed. The unstable cave ceiling collapses. Tower Shield destroyed. Temporary Power slot lost. Temporary Propulsion slot lost. Temporary Utility slot lost. Temporary Weapon slot lost. R-06 Scavenger collects Lgt. Cannon. U-05 Engineer builds a Door. R-06 Scavenger collects Med. Storage Unit. Lgt. Treads destroyed. The unstable cave ceiling collapses. R-06 Scavenger destroyed. U-05 Engineer builds a Door. Destroyed Imp. Light Armor Plating. Battle Rifle destroyed. Map ----- +----------------------------------------------------+ | | | | | | | | | | | | | | | | | ???????????????????????????????????????????? | | ???????????????????????????????????????????? | | ???????????????????????????????????????????? | | ???????????????????????????????????????????? | | ???????????????????????????????????????????? | | ???????????????????????????????????????????? | | ???????????????????????????????????????????? | | ???????????????????????????????????????????? | | ???????????????????????????????????????????? | | ???????????????????????????????????????????? | | ???????????????????????????????????????????? | | ???????????????????????????????????????????? | | ??????????????????????#########????????????? | | ?????????????????????## d =#????????????? | | ??????????????????#### g#????????????? | | ??????????????????# l#????????????? | | ????????????####### ] ! Y#????????????? | | ????? %! @ a#????????????? | | ???????????#+########+!! #????????????? | | ???????????# u ] #????????????? | | ???????????# /#????????????? | | ???????????# # d= #????????????? | | ???????????# ##%t%r#????????????? | | ???????????# ## hY[#????????????? | | ???????????# ## #????????????? | | ???????????# # s #????????????? | | ???????????+ #######????????????? | | ???????????# #??????????????????? | | ???????????# #??????????????????? | | ???????????# #??????????????????? | | ???????????# #??????????????????? | | ??????############+############????????????? | | # + #????????????? | | + # #????????????? | | ?? # # #????????????? | | ??????# ###""T""# # #????????????? | | ??????????#"""""# + #????????????? | | ??????????####### # #????????????? | | ????????????????# # #????????????? | | ??????????##?##?# # #????????????? | | ????????### ## ## ######### #????????????? | | ????????# # #??????????????????????? | +----------------------------------------------------+ Best States ------------- Heat Dissipation 25 Energy Generation 20 Energy Capacity 250 Matter Stores 300 Matter Capacity 300 Sight Range 16 Terrain Scan Density 10 Armor Coverage 2100 Evasion (%) 40 Targeting Accuracy 5 Recoil Reduction 3 Authchip Count 1 Item Schematics ----------------- None Robot Schematics ------------------ None Fabricated ------------ Nothing Alien Tech Used ----------------- None Achievements -------------- None Challenges ------------ None Game ------ Seed LinearSurveybotFacilitator Manual? 0 Play Time 00:28:48 Cumulative 550.1 hours Start 2024.08.07 @ 17:57:49 End 2024.08.07 @ 18:26:16 Sessions 1 Manual Loads 0 Difficulty Rogue Special Mode None Game No. 286 Rogue 286 Adventurer 0 Explorer 0 Win Type - Total 36 Types 22/2/4/3/1/1/1/1/1 Lore% 84 Gallery% 96 Achievement% 98 Wizard Run 0 Options --------- Layout 1 ASCII 0 Keyboard 0 Movement Numpad Keybinds 0 Fullscreen 1 Font 24/Smallcaps Map View 50x35 Zoom Use 0% Tactical HUD 1 Map Filters NONE Filters NONE Steam 1 RUN: 8598230f-932c-412e-bd47-1eff2e7bf9db